 Dungeon Crawl Stone Soup version 0.30-a0-956-gcec3b41aec (webtiles) character file.

Game seed: 6043871975204705840

25820 Jeffwins the Arsonist (level 13, -15/81 HPs)
             Began as a Human Wanderer on Mar 29, 2023.
             Was a High Priest of Vehumet.
             Demolished by a reaper
             ... wielding a +1 scythe of freezing
              (26 damage)
             ... in an ice cave.
             The game lasted 00:30:08 (19269 turns).

Jeffwins the Arsonist (Human Wanderer)             Turns: 19269, Time: 00:30:08

Health: -15/81     AC:  9    Str: 13    XL:     13   Next: 53%
Magic:  3/26       EV: 12    Int: 15    God:    Vehumet [*****.]
Gold:   984        SH:  5    Dex: 15    Spells: 21/31 levels left

rFire   + + .      SeeInvis +    J - staff of cold
rCold   + . .      Faith    .    (no shield)
rNeg    . . .      Spirit   .    Q - +0 troll leather armour
rPois   +          Reflect  +    r - +0 helmet
rElec   .          Rampage  .    b - +0 cloak
rCorr   .                        V - +1 pair of gloves "Messem" {Slay+2 SInv}
Will    .....                    O - +0 pair of boots
Stlth   +                        u - amulet of reflection
HPRegen 1.13/turn                F - ring of protection from fire
MPRegen 0.20/turn                S - ring of Jyocoxo {Wiz rPois rF+}

@: no status effects
A: no striking features
a: Renounce Religion


You were in an ice cave.
You worshipped Vehumet.
Vehumet was extremely pleased with you.
You visited 3 branches of the dungeon, and saw 15 of its levels.
You also visited: Ice Cave.

You collected 1419 gold pieces.
You spent 435 gold pieces at shops.


   Skills:
 - Level 1.0 Fighting
 * Level 8.9 Long Blades
 - Level 2.0 Staves
 + Level 4.7 Throwing
 - Level 2.0 Dodging
 + Level 1.6 Shields
 * Level 9.7 Spellcasting
 * Level 10.5 Conjurations
 * Level 10.8 Fire Magic
 * Level 5.5 Earth Magic
 + Level 5.1 Evocations


You had 21 spell levels left.
You knew the following spells:

 Your Spells              Type           Power      Damage    Failure   Level
c - Stone Arrow           Conj/Erth      62%        3d10      1%          3
s - Sticky Flame          Conj/Fire      39%        2d6       1%          4
x - Scorch                Fire           78%        2d9       1%          2
z - Foxfire               Conj/Fire      100%       2x1d6     1%          1

Your spell library contained the following spells:

 Spells                   Type           Power      Damage    Failure   Level
 Arcjolt                  Conj/Air       11%        1d21      4%          5
 Freeze                   Ice            40%        1d6       1%          1
 Hailstorm                Conj/Ice       34%        3d9       1%          3
 Inner Flame              Hex/Fire       23%        N/A       1%          3
 Kindle Blastsparks       Fire/Tloc/Air  36%        2d13      1%          3
 Flame Wave               Conj/Fire      39%        2d11      1%          4
 Frozen Ramparts          Ice            20%        1d4       4%          3
 Summon Small Mammal      Summ           28%        N/A       5%          1
 Sublimation of Blood     Necr           7%         N/A       8%          2
 Wereblood                Tmut           7%         N/A       8%          2
 Call Canine Familiar     Summ           7%         N/A       16%         3
 Summon Guardian Golem    Hex/Summ       7%         N/A       16%         3
 Summon Forest            Summ/Tloc      3%         N/A       77%         5
 Eringya's Noxious Bog    Tmut/Pois      3%         N/A       82%         6
 Summon Hydra             Summ           3%         N/A       100%        7
 Borgnjor's Revivificati  Necr           3%         N/A       100%        8
 Necromutation            Tmut/Necr      3%         N/A       100%        8
 Death's Door             Necr           3%         N/A       100%        9

Inventory:

Hand Weapons
 a - the +8 falchion of Miecixol {venom, rF+}
   (You found it on level 6 of the Dungeon)

   rF:        It protects you from fire.
 U - a +1 demon whip of venom
Missiles
 e - 32 poisoned darts
 B - 3 curare-tipped darts (quivered) {=f}
 G - a throwing net {=f}
Armour
 b - a +0 cloak (worn)
 r - a +0 helmet (worn)
 t - a +2 scale mail of cold resistance
 C - a +0 scale mail of fire resistance
 O - a +0 pair of boots (worn)
 Q - a +0 troll leather armour (worn)
 T - a +1 kite shield of fire resistance
 V - the +1 pair of gloves "Messem" (worn) {Slay+2 SInv}
   (You acquired it on level 1 of the Lair of Beasts)

   Slay:      It affects your accuracy & damage with ranged weapons and melee
   (+2).
   SInv:      It lets you see invisible.
Magical Staves
 J - a staff of cold (weapon)
 M - a staff of air
Jewellery
 o - the ring "Zudagu" {Wiz Str+3}
   (You found it on level 11 of the Dungeon)

   [ring of wizardry]

   It improves your spell success rate.
   Str:       It affects your strength (+3).
 u - an amulet of reflection (around neck)
 F - a ring of protection from fire (left hand)
 I - the amulet "Diadogim" {Spirit rCorr Str+2 Dex+2}
   (You found it on level 11 of the Dungeon)

   [amulet of guardian spirit]

   It causes incoming damage to be divided between your reserves of health and
   magic.
   Str:       It affects your strength (+2).
   Dex:       It affects your dexterity (+2).
   rCorr:     It protects you from acid and corrosion.
 R - the ring of Diepoor {Str+5 Dex+6}
   (You took it off a centaur warrior on level 11 of the Dungeon)

   [ring of dexterity]

   Str:       It affects your strength (+5).
   Dex:       It affects your dexterity (+6).
 S - the ring of Jyocoxo (right hand) {Wiz rPois rF+}
   (You took it off a tengu warrior on level 11 of the Dungeon)

   [ring of wizardry]

   It improves your spell success rate.
   rF:        It protects you from fire.
   rPois:     It protects you from poison.
Wands
 d - a wand of light (11)
 x - a wand of iceblast (4)
 y - a wand of flame (69)
 H - a wand of mindburst (6)
Scrolls
 h - 2 scrolls of amnesia
 i - 3 scrolls of enchant weapon
 j - a scroll of identify {@r1}
 k - 2 scrolls of vulnerability {!r}
 l - 2 scrolls of blinking
 m - 2 scrolls of fear
 n - a scroll of enchant armour
 p - a scroll of poison {!r}
 z - 3 scrolls of teleportation {@r4}
 D - a scroll of immolation {!r}
 E - a scroll of brand weapon
 L - a scroll of acquirement
Potions
 c - 3 potions of flight
 f - 9 potions of curing {@q1}
 g - a potion of haste {unknown}
 q - 4 potions of lignification {!q}
 s - 3 potions of mutation {!q}
 v - a potion of magic
 w - 2 potions of heal wounds {@q2}
 A - 2 potions of ambrosia
 K - a potion of degeneration {unknown}

Dungeon Overview and Level Annotations

Branches:
Dungeon (12/15)            Temple (1/1) D:6            Lair (2/5) D:11
  Swamp (0/4) Lair:2          Orc (0/2) D:9           IceCv (1/1)
  Snake: Lair:2-3    Spider: Lair:2-3

Altars:
Ashenzari
Cheibriados
Dithmenos
Elyvilon
Fedhas
Gozag
Hepliaklqana
Kikubaaqudgha
Makhleb
Nemelex Xobeh
Okawaru
Qazlal
Ru
Sif Muna
Trog
Uskayaw
Vehumet
Wu Jian
Xom
Yredelemnul
Zin
The Shining One

Shops:
D:5 (   D:6 !   D:11 ?

Annotations:
D:4 1 runed translucent door, Nabski's ghost, amateur TeFE
D:6 2 transporters
D:9 1 runed translucent door, bmack86's ghost, novice MiFi
Lair:1 3 runed translucent doors, TheSexyCheese's ghost, journeyman DEFE
Lair:2 Pupp's ghost, journeyman TrFi

▒▒▒ ▒▒▒▒⌠▒▒▒▒
▒...@...▒
▒.▒▒'▒▒.▒
▒.▒$2$▒.▒
▒.▒.⌠.▒.▒
▒▒.▒:?[▒.▒▒
▒▒▒▒8.▒▒▒▒▒.8▒▒▒▒
▒...............▒
▒'▒▒▒▒▒▒'▒▒▒▒▒▒'▒
▒.▒.'.......+ ▒.▒


You could see a reaper.


Message History

Aiming: Stone Arrow (safe; 1% risk of failure)
Press: ? - help, Shift-Dir - straight line, f/p - reaper
Aim: a reaper, wielding a +1 scythe of freezing (heavily wounded, 74% to hit)
The stone arrow hits the reaper!!
The reaper is severely wounded.
You block the reaper's attack.
Unknown command.
Unknown command.
Casting: Stone Arrow (safe; 1% risk of failure)
Confirm with . or Enter, or press ? or * to list all spells.
Aiming: Stone Arrow (safe; 1% risk of failure)
Press: ? - help, Shift-Dir - straight line, f/p - reaper
Aim: a reaper, wielding a +1 scythe of freezing (severely wounded, 74% to hit)
The stone arrow hits the reaper!
The reaper is almost dead.
The reaper hits you from afar with a +1 scythe of freezing!!
* * * LOW HITPOINT WARNING * * *
The reaper freezes you.
* * * LOW HITPOINT WARNING * * *
Unknown command.
Unknown command.
Casting: Stone Arrow (safe; 1% risk of failure)
Confirm with . or Enter, or press ? or * to list all spells.
Aiming: Stone Arrow (safe; 1% risk of failure)
Press: ? - help, Shift-Dir - straight line, f/p - reaper
Aim: a reaper, wielding a +1 scythe of freezing (almost dead, 74% to hit)
The stone arrow hits the reaper.
The reaper is almost dead.
The reaper hits you from afar with a +1 scythe of freezing!!
You die...

Skill      XL: |  1  2  3  4  5  6  7  8  9 10 11 12 13 |
---------------+----------------------------------------+-----
Conjurations   | 1 2 3 4 5 7 8 9 10 | 10.5
Spellcasting   | 2 3 4 5 6 7 8 9 |  9.7
Fire Magic     | 3 4 5 6 7 8 9 10 | 10.8
Long Blades    | 1 4 5 7 8 |  8.9
Throwing       | 1 3 4 |  4.7
Evocations     | 3 4 5 |  5.1
Earth Magic    | 2 4 5 |  5.5
Shields        | 1 |  1.6
Fighting       | |  1.0
Staves         | |  2.0
Dodging        | |  2.0

Action                     |  1- 3 |  4- 6 |  7- 9 | 10-12 | 13-15 || total
---------------------------+-------+-------+-------+-------+-------++-------
  Melee: Quarterstaff      |    11 |       |       |       |       ||    11
         Dagger            |    31 |    47 |     6 |       |       ||    84
         Punch             |     1 |       |     1 |     1 |     1 ||     4
         Falchion          |       |       |    22 |   144 |    44 ||   210
         Staff             |       |       |       |       |     8 ||     8
   Cast: Foxfire           |    32 |   125 |   237 |   253 |    55 ||   702
         Sticky Flame      |       |       |     2 |    16 |    13 ||    31
         Scorch            |       |       |       |   134 |    39 ||   173
         Stone Arrow       |       |       |       |   123 |    60 ||   183
  Evoke: Wand              |       |       |       |    12 |     2 ||    14
    Use: Potion            |       |     1 |       |     6 |     1 ||     8
         Scroll            |       |       |     5 |     7 |     4 ||    16
   Stab: Sleeping          |     4 |       |       |       |       ||     4
         Distracted        |       |     1 |       |       |       ||     1
 Armour: Robe              |    17 |     4 |    20 |    48 |       ||    89
         Leather armour    |       |       |       |    28 |       ||    28
         Skin              |       |       |       |    10 |       ||    10
         Troll leather arm |       |       |       |    29 |    35 ||    64
  Dodge: Dodged            |    29 |    25 |    41 |   159 |    76 ||   330
  Block: Other             |       |       |     1 |    75 |    26 ||   102
         Reflection        |       |       |       |     8 |       ||     8

Levels and vault maps discovered:
D:1:      lemuel_arrival_funnel, layout_basic
D:2:      layout_basic
D:3:      layout_basic, uniq_crazy_yiuf_cottage
D:4:      layout_loops_ring, ebering_ghost_reflecting_pool
D:5:      layout_basic, mainiacjoe_overflow_surrounded_room, serial_shops,
          nicolae_shop_stone, serial_curves, eino_curves_04, eino_curves_03
D:6:      layout_layer_cave, marbit_many_paths, minmay_temple_entry_sparse_star,
          serial_shops, nicolae_shop_temple_entry_statues_fountains,
          gammafunk_ghost_stat_death, uniq_eustachio, uniq_sigmund,
          uniq_menkaure
D:7:      layout_layer_cave, lemuel_tele_altar, chequers_serial_rivers_small_a,
          uniq_pikel
D:8:      layout_basic, mainiacjoe_overflow_brackets, uniq_grum, uniq_maurice
D:9:      layout_basic, zombieorc1_lemuel, ebering_ghost_inner_flame,
          nicolae_concentric_dashed_squares_wild
D:10:     layout_loops_ring
D:11:     minmay_the_grid_triangle_9x9_rhombus_full_mashed
          [minmay_the_grid_triangle_9x9_shrine,
          minmay_the_grid_triangle_9x9_stretched_checkered,
          minmay_the_grid_triangle_9x9_thin_v,
          minmay_the_grid_triangle_9x9_flanged_cone,
          minmay_the_grid_triangle_9x9_sprig,
          minmay_the_grid_triangle_9x9_windchime,
          minmay_the_grid_triangle_9x9_empty,
          minmay_the_grid_triangle_9x9_prize_special], layout_basic,
          serial_shops, shop_statue
D:12:     layout_rooms, lemuel_flame_loot_1
Temple:   eino_narrow_crystal_temple
Lair:1:   layout_misc_corridors, gammafunk_ghost_necromancy,
          uniq_prince_ribbit2, uniq_amaemon, uniq_sonja
Lair:2:   layout_regular_city, minmay_swamp_entry_swarm,
          portal_ice_cave_entry_imps, gammafunk_ghost_split,
          chequers_serial_rivers_small_b, minivault_11,
          chequers_serial_rivers_micro_c, lemuel_fruit_fields,
          grunt_megastairs_2
IceCv:    ice_cave_tombish

Notes
Turn   | Place    | Note
-------+----------+-------------------------------------------
     0 | D:1      | Jeffwins the Human Wanderer began the quest for the Orb.
     0 | D:1      | Jeffwins set off with the following items: a +0
                  | quarterstaff, a +0 pair of gloves, a potion of berserk rage
                  | {!q}, a +0 robe; and the following spell memorised:
                  | Foxfire; and the following spells available to memorise:
                  | Inner Flame, Kindle Blastsparks.
     0 | D:1      | Reached XP level 1. HP: 15/15 MP: 2/2
    73 | D:1      | Reached XP level 2. HP: 21/21 MP: 1/3
   246 | D:1      | Reached skill level 1 in Conjurations
   493 | D:1      | Reached XP level 3. HP: 26/26 MP: 2/5
  1467 | D:3      | Reached XP level 4. HP: 26/32 MP: 0/6
  1546 | D:3      | Reached skill level 2 in Spellcasting
  2012 | D:2      | Reached skill level 2 in Conjurations
  2193 | D:2      | Reached skill level 3 in Fire Magic
  2282 | D:3      | Found a runed translucent door.
  2283 | D:3      | Noticed Crazy Yiuf
  2660 | D:3      | Killed Crazy Yiuf
  2661 | D:3      | Reached XP level 5. HP: 9/37 MP: 8/8
  2664 | D:3      | HP: 3/37 [poisoned by Crazy Yiuf]
  3261 | D:4      | Learned a level 4 spell: Sticky Flame
  3491 | D:4      | Reached skill level 3 in Spellcasting
  3491 | D:4      | Reached skill level 3 in Conjurations
  3491 | D:4      | Reached XP level 6. HP: 42/43 MP: 2/10
  3745 | D:4      | Reached skill level 4 in Fire Magic
  3968 | D:4      | Found a runed translucent door.
  3969 | D:4      | Noticed Nabski's ghost (amateur TeFE)
  4008 | D:4      | Noticed a black bear
  4036 | D:4      | Killed a black bear
  4037 | D:4      | Reached XP level 7. HP: 48/48 MP: 5/12
  4203 | D:5      | Entered Level 5 of the Dungeon
  4340 | D:5      | Reached skill level 4 in Conjurations
  4523 | D:5      | Reached skill level 4 in Spellcasting
  4706 | D:5      | Found Vareneo's Antique Weapon Shoppe.
  4726 | D:5      | Reached skill level 5 in Fire Magic
  4726 | D:5      | Reached XP level 8. HP: 28/54 MP: 3/14
  5049 | D:5      | Found an iron altar of Okawaru.
  5442 | D:6      | Found a staircase to the Ecumenical Temple.
  5451 | Temple   | Entered the Ecumenical Temple
  5673 | Temple   | Became a worshipper of Vehumet
  5697 | D:6      | Reached skill level 5 in Conjurations
  5804 | D:6      | Noticed Eustachio
  5812 | D:6      | Killed Eustachio
  5813 | D:6      | Reached skill level 5 in Spellcasting
  5930 | D:6      | Identified the +8 falchion of Miecixol {venom, rF+}
  5943 | D:6      | Noticed Menkaure
  5954 | D:6      | Killed Menkaure
  5955 | D:6      | Reached skill level 1 in Long Blades
  5955 | D:6      | Reached skill level 6 in Fire Magic
  6071 | D:6      | Reached XP level 9. HP: 59/59 MP: 11/17
  6084 | D:6      | Reached skill level 2 in Long Blades
  6084 | D:6      | Reached skill level 6 in Conjurations
  6410 | D:6      | Found Imanitsa's Distillery.
  6411 | D:6      | Noticed Sigmund
  6416 | D:6      | Killed Sigmund
  6443 | D:6      | Bought a potion of flight for 36 gold pieces
  6443 | D:6      | Bought a potion of lignification for 36 gold pieces
  6443 | D:6      | Bought a potion of mutation for 96 gold pieces
  6443 | D:6      | Bought a potion of curing for 36 gold pieces
  6494 | D:6      | Found a transporter.
  6593 | D:6      | Found a transporter.
  6677 | D:6      | Found a burning altar of Makhleb.
  6838 | D:6      | Reached skill level 3 in Long Blades
  6838 | D:6      | Reached skill level 6 in Spellcasting
  7651 | D:7      | Reached skill level 7 in Fire Magic
  7704 | D:7      | Reached * piety under Vehumet
  7704 | D:7      | Offered knowledge of Kiss of Death by Vehumet.
  7854 | D:7      | Noticed Pikel
  7879 | D:7      | Killed Pikel
  7880 | D:7      | Reached skill level 4 in Long Blades
  7880 | D:7      | Reached skill level 7 in Conjurations
  7880 | D:7      | Reached XP level 10. HP: 27/65 MP: 19/19
  9007 | D:7      | Found a glowing golden altar of the Shining One.
  9456 | D:8      | Reached skill level 5 in Long Blades
  9456 | D:8      | Reached skill level 7 in Spellcasting
  9767 | D:8      | Reached skill level 8 in Fire Magic
  9929 | D:8      | Found a sparkling altar of Nemelex Xobeh.
  9948 | D:8      | Reached ** piety under Vehumet
  9966 | D:8      | Noticed Grum
  9971 | D:8      | Offered knowledge of Static Discharge by Vehumet.
 10155 | D:7      | Reached skill level 1 in Throwing
 10157 | D:7      | Killed Grum
 10326 | D:8      | Noticed Maurice
 10336 | D:8      | Killed Maurice
 10337 | D:8      | Reached skill level 8 in Conjurations
 11106 | D:9      | Offered knowledge of Scorch by Vehumet.
 11109 | D:9      | Found a staircase to the Orcish Mines.
 11128 | D:9      | Reached XP level 11. HP: 55/70 MP: 22/22
 11131 | D:9      | Learned a level 2 spell: Scorch
 11198 | D:9      | Reached *** piety under Vehumet
 11437 | D:9      | Found a runed translucent door.
 11437 | D:9      | Noticed a manticore
 11437 | D:9      | Noticed bmack86's ghost (novice MiFi)
 11441 | D:9      | Noticed a two-headed ogre
 11448 | D:9      | Killed a two-headed ogre
 11449 | D:9      | Reached skill level 6 in Long Blades
 11449 | D:9      | Reached skill level 2 in Throwing
 11883 | D:9      | Offered knowledge of Stone Arrow by Vehumet.
 12246 | D:9      | Reached skill level 8 in Spellcasting
 12342 | D:10     | Entered Level 10 of the Dungeon
 12374 | D:10     | Reached skill level 3 in Evocations
 12539 | D:10     | Reached skill level 9 in Fire Magic
 13068 | D:10     | Learned a level 3 spell: Stone Arrow
 13779 | D:11     | Reached skill level 1 in Earth Magic
 13797 | D:10     | Reached skill level 9 in Conjurations
 14053 | D:11     | Found Ceod's Magic Scroll Boutique.
 14063 | D:11     | Bought a scroll of blinking for 105 gold pieces
 14117 | D:11     | Reached skill level 3 in Throwing
 14259 | D:11     | Reached **** piety under Vehumet
 14679 | D:11     | Noticed a manticore
 14684 | D:11     | Reached skill level 2 in Earth Magic
 14684 | D:11     | Noticed a two-headed ogre
 14726 | D:11     | Identified the ring of Jyocoxo {Wiz rPois rF+}
 14726 | D:11     | Noticed a tengu warrior
 14863 | D:11     | Noticed a centaur warrior
 14866 | D:11     | Noticed a boulder beetle
 14869 | D:11     | Killed a centaur warrior
 14870 | D:11     | Reached skill level 7 in Long Blades
 14884 | D:11     | Killed a boulder beetle
 14885 | D:11     | Reached XP level 12. HP: 58/76 MP: 3/24
 14921 | D:11     | Noticed a centaur warrior
 15068 | D:11     | Killed a centaur warrior
 15222 | D:11     | Offered knowledge of Arcjolt by Vehumet.
 15289 | D:11     | Reached skill level 3 in Earth Magic
 15539 | D:11     | Reached skill level 4 in Evocations
 15609 | D:11     | Identified the ring "Zudagu" {Wiz Str+3}
 15618 | D:11     | Killed a two-headed ogre
 15735 | D:11     | Identified the amulet "Diadogim" {Spirit rCorr Str+2 Dex+2}
 15735 | D:11     | Noticed a tengu warrior
 15736 | D:11     | a tengu warrior changed into a moth of wrath
 15927 | D:11     | Reached skill level 9 in Spellcasting
 15968 | D:11     | Found a staircase to the Lair.
 16005 | D:11     | Identified the ring of Diepoor {Str+5 Dex+6}
 16005 | D:11     | Noticed a centaur warrior
 16006 | D:11     | Identified 3 scrolls of acquirement
 16043 | D:11     | Bought a scroll of teleportation for 42 gold pieces
 16043 | D:11     | Bought a scroll of teleportation for 42 gold pieces
 16043 | D:11     | Bought a scroll of teleportation for 42 gold pieces
 16179 | D:11     | Killed a centaur warrior
 16180 | D:11     | Reached skill level 10 in Fire Magic
 16243 | D:11     | Killed a tengu warrior
 16244 | D:11     | Reached skill level 4 in Throwing
 16244 | D:11     | Reached skill level 4 in Earth Magic
 16398 | D:11     | Reached skill level 8 in Long Blades
 16672 | Lair:1   | Entered Level 1 of the Lair of Beasts
 16690 | Lair:1   | Noticed Prince Ribbit
 16703 | Lair:1   | Killed Prince Ribbit
 16832 | Lair:1   | Reached skill level 10 in Conjurations
 17071 | Lair:1   | Noticed Amaemon
 17095 | Lair:1   | Killed Amaemon
 17096 | Lair:1   | Reached XP level 13. HP: 61/81 MP: 4/26
 17392 | Lair:1   | Found a runed translucent gate.
 17392 | Lair:1   | Found a runed translucent gate.
 17394 | Lair:1   | Found a runed translucent gate.
 17397 | Lair:1   | Noticed TheSexyCheese's ghost (journeyman DEFE)
 17438 | Lair:1   | Noticed Sonja
 17444 | Lair:1   | Killed Sonja
 17638 | Lair:1   | Acquired 668 gold pieces
 17640 | Lair:1   | Acquired the +1 pair of gloves "Messem" {Slay+2 SInv}
 17666 | Lair:2   | Noticed Pupp's ghost (journeyman TrFi)
 17755 | Lair:2   | Reached skill level 5 in Earth Magic
 17878 | Lair:2   | Found a staircase to the Swamp.
 17907 | Lair:2   | Reached skill level 1 in Shields
 17909 | Lair:2   | HP: 5/81 [water moccasin (6)]
 17949 | Lair:2   | Found a frozen archway.
 18041 | IceCv    | Entered an ice cave
 18533 | IceCv    | Reached skill level 5 in Evocations
 18560 | IceCv    | Reached ***** piety under Vehumet
 19261 | IceCv    | Noticed a reaper
 19269 | IceCv    | Demolished by a reaper

Vanquished Creatures
  3 centaur warriors (D:11)
  A boulder beetle (D:11)
  2 two-headed ogres
  A tengu warrior (D:11)
  Sonja (Lair:1)
  Amaemon (Lair:1)
  Pikel (D:7)
  5 manticores
  A moth of wrath (D:11)
  A cyclops (D:11)
  A black mamba (Lair:2)
  Maurice (D:8)
  2 ice statues (IceCv)
  A gargoyle (D:11)
  An orange demon (Lair:1)
  2 cane toads
  2 komodo dragons (D:11)
  2 anaconda simulacra (IceCv)
  6 ice devils (IceCv)
  A troll (D:11)
  2 hornets
  Prince Ribbit (Lair:1)
  2 blink frogs (Lair:1)
  3 dream sheep (Lair:2)
  4 vampires
  Sigmund (D:6)
  5 wraiths
  4 wyverns
  5 yaks
  2 shadows
  Grum (D:7)
  Eustachio (D:6)
  3 dire elephant simulacra (IceCv)
  9 vampire mosquitoes
  2 harpy simulacra (IceCv)
  2 hydra simulacra (IceCv)
  Menkaure (D:6)
  An acid dragon (D:7)
  2 water moccasins (Lair:2)
  3 black bears
  4 orc warriors
  A sky beast (D:7)
  2 ogres (D:6)
  An ice beast (D:6)
  3 wolves (D:8)
  A lemure (D:7)
  7 centaurs
  2 phantoms (D:9)
  4 kobold brigands
  2 scorpions
  6 bullfrogs
  16 wights
  10 killer bees
  4 howler monkeys
  A jelly (D:5)
  2 hounds
  Crazy Yiuf (D:3)
  7 orc priests
  2 iguanas
  13 orc wizards
  A troll simulacrum (IceCv)
  A wolf simulacrum (IceCv)
  6 ogre zombies (D:9)
  4 gnolls (D:7)
  5 adders
  A shadow imp (D:6)
  13 white imps
  An ufetubus (IceCv)
  2 worms
  5 dart slugs
  36 orcs
  8 ball pythons
  6 endoplasms
  5 giant cockroaches
  12 goblins
  3 hobgoblins
  23 kobolds
  3 quokkas
  3 bats
  2 frilled lizards (D:3)
  2 goblin skeletons (D:9)
  A goblin zombie (D:9)
  A hobgoblin skeleton (D:9)
  3 hobgoblin zombies (D:9)
  3 orc skeletons (D:9)
  9 orc zombies (D:9)
  6 rats
344 creatures vanquished.

Vanquished Creatures (collateral kills)
  A dream sheep (Lair:2)
  2 white imps (Lair:2)
  2 foxfires (Lair:2)
5 creatures vanquished.

Vanquished Creatures (others)
  1248 foxfires
  2 fungi (Lair:1)
  6 plants
1256 creatures vanquished.

Grand Total: 1605 creatures vanquished

Table legend: (Time is in decaauts)
 A = Elapsed time spent in this place.
 B = Non-inter-level travel time spent in this place.
 C = Inter-level travel time spent in this place.
 D = Time resting spent in this place.
 E = Time spent auto-exploring this place.
 F = Levels seen in this place.
 G = Mean time per level.
                   A        B        C        D        E       F      G
               +--------+--------+--------+--------+--------+-----+--------+
         Total |  19288 |  18767 |    521 |   2111 |  13651 |  16 | 1205.5 |
       Dungeon |  16449 |  16003 |    446 |   1735 |  11813 |  12 | 1370.8 |
        Temple |    237 |    196 |     41 |      0 |    184 |   1 |  237.0 |
          Lair |   1372 |   1338 |     34 |     83 |    936 |   2 |  686.0 |
      Ice Cave |   1228 |   1228 |      0 |    293 |    718 |   1 | 1228.0 |
               +--------+--------+--------+--------+--------+-----+--------+

Top non-repeatable levels by time:
    D:11: 2362 daAuts
     D:7: 2191 daAuts
     D:9: 1730 daAuts
     D:6: 1651 daAuts
    D:10: 1529 daAuts
     D:8: 1390 daAuts
     D:4: 1384 daAuts
     D:5: 1325 daAuts
   IceCv: 1228 daAuts
     D:3: 1111 daAuts
  Lair:1: 1007 daAuts
     D:1: 855 daAuts
     D:2: 838 daAuts
  Lair:2: 364 daAuts
  Temple: 237 daAuts

Table legend:
 A = Non-vault XP
 B = Vault XP
 C = Vault XP percentage of total XP
 D = Non-vault monster count
 E = Vault monster count
 F = Vault count percentage of total count
                 A         B        C        D         E       F
            +---------+---------+-------+---------+---------+-------
      Total |   16216 |   20671 |  56.0 |     244 |     102 |  29.5
            +---------+---------+-------+---------+---------+-------
        D:1 |      36 |       0 |   0.0 |      20 |       0 |   0.0
        D:2 |      32 |       0 |   0.0 |      11 |       0 |   0.0
        D:3 |      56 |      41 |  42.3 |      20 |       1 |   4.8
        D:4 |     402 |       0 |   0.0 |      25 |       0 |   0.0
        D:5 |     697 |       0 |   0.0 |      15 |       0 |   0.0
        D:6 |    1159 |     594 |  33.9 |      17 |       4 |  19.0
        D:7 |    1420 |     834 |  37.0 |      29 |       2 |   6.5
        D:8 |    1316 |     795 |  37.7 |      37 |       4 |   9.8
        D:9 |    2452 |     627 |  20.4 |      19 |      29 |  60.4
       D:10 |    2048 |       0 |   0.0 |      22 |       0 |   0.0
       D:11 |    2815 |    8777 |  75.7 |      15 |      17 |  53.1
       D:12 |     517 |       0 |   0.0 |       1 |       0 |   0.0
     Lair:1 |     901 |    3101 |  77.5 |       4 |       8 |  66.7
     Lair:2 |    2365 |     995 |  29.6 |       9 |      17 |  65.4
      IceCv |       0 |    4907 | 100.0 |       0 |      20 | 100.0
            +---------+---------+-------+---------+---------+-------
